 Dungeon Crawl Stone Soup version 0.24.0-123-gd5b16e6ec5 (webtiles) character file.

Game seed: 3593211553740128623, levelgen mode: deterministic

23 vurker the Gusty (level 2, 0/12 HPs)
             Began as a Felid Air Elementalist on Feb 4, 2020.
             Slain by a jackal (3 damage)
             ... on level 1 of the Dungeon.
             The game lasted 00:00:49 (706 turns).

vurker the Gusty (Felid Air Elementalist)            Turns: 706, Time: 00:00:50

Health: 0/12       AC:  1    Str:  4    XL:     2   Next: 72%
Magic:  0/6        EV: 18    Int: 16    God:
Gold:   22         SH:  0    Dex: 16    Spells: 4/5 levels left
                                        Lives:  0   Deaths: 0

rFire    . . .     SeeInvis +   (weapon unavailable)
rCold    . . .     Gourm    .   (shield unavailable)
rNeg     . . .     Faith    .   (armour unavailable)
rPois    .         Spirit   .   (helmet unavailable)
rElec    .         Reflect  .   (cloak unavailable)
rCorr    .         Harm     .   (gloves unavailable)
MR       .....                  (boots unavailable)
Stlth    +++.......             (no amulet)
HPRegen  0.04/turn              (no ring)
MPRegen  0.10/turn              (no ring)

@: very slightly contaminated, quick
A: very small, no armour, no weapons or thrown items, stealth, claws 1, fangs 3,
see invisible, carnivore, speed 1, shaggy fur 1, slow metabolism 1, sharp paws
a: no special abilities


You were on level 1 of the Dungeon.
You were completely stuffed.

You visited 1 branch of the dungeon, and saw 1 of its levels.

You collected 22 gold pieces.

Inventory:

Potions
 a - a potion of mutation {unknown}
Comestibles
 e - a ration


   Skills:
 + Level 0.5 Fighting
 - Level 2.6 Dodging
 - Level 2.6 Stealth
 * Level 2.3 Spellcasting
 * Level 1.4 Conjurations
 * Level 3.0 Air Magic


You had 4 spell levels left.
You knew the following spells:

 Your Spells              Type           Power        Failure   Level  Hunger
a - Shock                 Conj/Air       #...         8%          1    #......

Your spell library contained the following spells:

 Spells                   Type           Power        Failure   Level  Hunger
 Swiftness                Chrm/Air       #.......     16%         2    ###....
 Static Discharge         Conj/Air       #.......     24%         3    ###....
 Airstrike                Air            ##........   50%         4    #####..
 Lightning Bolt           Conj/Air       #.........   91%         5    ######.


Dungeon Overview and Level Annotations

Branches:
Dungeon (1/15)

Altars:


Innate Abilities, Weirdness & Mutations

You cannot wear armour.
You are incapable of wielding weapons or throwing items.
Your paws allow you to move quietly. (Stealth)
You have sharp claws.
You have razor-sharp teeth.
You have supernaturally acute eyesight. (SInv)
You are carnivorous and can eat meat at any time.
You cover ground quickly.
You are covered in fur. (AC +1)
You have a slow metabolism.
Your sharp claws are effective at attacking unaware monsters.


Message History

Aim: a hobgoblin, wielding a +0 club (resting)
The zap hits the hobgoblin.
The hobgoblin shouts!
Aim: a hobgoblin, wielding a +0 club (heavily wounded)
The zap misses the hobgoblin.
Aim: a hobgoblin, wielding a +0 club (heavily wounded)
The zap hits the hobgoblin but does no damage.
You can't see any susceptible monsters within range! (Use Z to cast anyway.)
You can't see any susceptible monsters within range! (Use Z to cast anyway.)
The hobgoblin is too close now for your liking.
A hobgoblin is nearby!
Aim: a hobgoblin, wielding a +0 club (heavily wounded)
The zap hits the hobgoblin.
Aim: a hobgoblin, wielding a +0 club (almost dead)
The zap hits the hobgoblin.
You kill the hobgoblin!
You can't see any susceptible monsters within range! (Use Z to cast anyway.)
You can't see any susceptible monsters within range! (Use Z to cast anyway.)
A kobold comes into view. It is wielding a +0 whip.
A kobold is nearby!
Aim: a kobold, wielding a +0 whip (hasn't noticed you)
The zap misses the kobold.
You can't see any susceptible monsters within range! (Use Z to cast anyway.)
You can't see any susceptible monsters within range! (Use Z to cast anyway.)
You can't see any susceptible monsters within range! (Use Z to cast anyway.) Unknown command.
No target in view!
The kobold is too close now for your liking.
Found a scroll labeled WEFIYDUTOG.
You scratch the kobold but do no damage.
The kobold hits you with a +0 whip.
You barely miss the kobold. You bite the kobold, but do no damage.
The kobold closely misses you.
You scratch the kobold but do no damage.
The kobold hits you with a +0 whip.
* * * LOW HITPOINT WARNING * * *
Unknown command.
Aim: a kobold, wielding a +0 whip The zap hits the kobold.
You kill the kobold!
A jackal comes into view.
Aim: a jackal (hasn't noticed you)
You miscast Shock.
You are very lightly contaminated with residual magic.
Nothing appears to happen.
The jackal barks!
You don't have enough magic to cast that spell.
You closely miss the jackal. The jackal barely misses you.
The jackal bites you.
You die...

..........#.
........... #.....⌠..#
........ ..... #.)# #.#
.. #h# # . #.# ##@## #
.##. #.###...###.# ##
#..... #.#.........# .
#.....###.#.....#####
## .......#.......##
##. #..............###
##..
.......#..)........
##...
.#........#############
#....
..........#...........#
##....


You could see a jackal.

Vanquished Creatures
  An ooze (D:1)
  3 bats (D:1)
  2 giant cockroaches (D:1)
  A goblin (D:1)
  4 hobgoblins (D:1)
  3 kobolds (D:1)
  A frilled lizard (D:1)
  A rat (D:1)
16 creatures vanquished.

Notes
Turn   | Place    | Note
-------+----------+-------------------------------------------
     0 | D:1      | vurker the Felid Air Elementalist began the quest for the
                  | Orb.
     0 | D:1      | Reached XP level 1. HP: 7/7 MP: 4/4
    37 | D:1      | Reached skill level 1 in Conjurations
   362 | D:1      | Reached XP level 2. HP: 11/11 MP: 4/6
   539 | D:1      | Reached skill level 3 in Air Magic
   706 | D:1      | Slain by a jackal

Levels and vault maps discovered:
D:1:      mainiacjoe_arrival_reflecting_pool, layout_loops_ring,
          chequers_serial_rivers_micro_e, minmay_tree_intersection,
          solitary_fountain, serial_park_tiny_pond

Skill      XL: |  1  2 |
---------------+-------+-----
Conjurations   | 1 |  1.4
Air Magic      | 3 |  3.0
Fighting       | |  0.5
Dodging        | |  2.6
Stealth        | |  2.6
Spellcasting   | |  2.3

Action                   || total
-------------------------++-------
Melee: Unarmed           ||    18
       Bite              ||     5
 Cast: Shock             ||    34
  Eat: Chunk             ||     7
Dodge: Dodged            ||    10
